 Dungeon Crawl Stone Soup version 0.27-a0-1590-g15f69828bf (webtiles) character file.

Game seed: 16262255842405128902

54996 duskshroud the Grappler (level 14, -2/143 HPs)
             Began as a Troll Hunter on July 19, 2021.
             Was a High Priest of Dithmenos.
             Slain by a basilisk (6 damage)
             ... while petrified by a basilisk
             ... on level 6 of the Lair of Beasts.
             The game lasted 01:23:33 (16484 turns).

duskshroud the Grappler (Troll Hunter)             Turns: 16484, Time: 01:23:34

Health: -2/143     AC: 12    Str: 23    XL:     14   Next: 36%
Magic:  13/13      EV:  1    Int:  7    God:    Dithmenos [*****.]
Gold:   207        SH:  0    Dex: 14    Spells: 13/13 levels left

rFire    + . .     SeeInvis +     - Unarmed
rCold    + . .     Faith    .   K - +0 kite shield
rNeg     + + +     Spirit   .   O - +0 acid dragon scales
rPois    ∞         Reflect  .   Q - +0 hat {SInv}
rElec    .         Harm     .   W - scarf {rC+ rF+}
rCorr    +         Rampage  .   (gloves unavailable)
Will     +....                  (boots unavailable)
Stlth    ++++......             (no amulet)
HPRegen  1.33/turn              U - ring of poison resistance
MPRegen  0.13/turn              F - +4 ring of protection

@: petrified, wreathed by umbra
A: large, unfitting armour, claws 3, regeneration 1, shaggy fur 1, tough skin 1
a: Renounce Religion, Shadow Step, Shadow Form


You were on level 6 of the Lair of Beasts.
You worshipped Dithmenos.
Dithmenos was extremely pleased with you.
You visited 3 branches of the dungeon, and saw 17 of its levels.
You also visited: Sewer.

You collected 1023 gold pieces.
You spent 816 gold pieces at shops.

Inventory:

Hand Weapons
 p - a +1 antimagic morningstar
 v - the +12 spear "Musachushra" {drain, +Blink rElec rF+}
   (You found it on level 5 of the Dungeon)

   A truly terrible weapon, it drains the life of any living foe it strikes.
   rF:        It protects you from fire.
   rElec:     It insulates you from electricity.
   +Blink:    It lets you blink.
 J - a +0 trident of protection
Missiles
 b - 4 atropa-tipped darts
 f - 40 poisoned darts
 I - 3 large rocks (quivered)
 M - 3 curare-tipped darts
Armour
 c - a +2 troll leather armour {Snorg}
 K - a +0 kite shield (worn)
 O - +0 acid dragon scales (worn)
 Q - a +0 hat of see invisible (worn)
 W - a scarf of resistance (worn)
Magical Staves
 a - a staff of death
Jewellery
 j - a ring of protection from cold
 k - a ring of resist corrosion
 F - a +4 ring of protection (right claw)
 S - a ring of positive energy
 U - a ring of poison resistance (left claw)
Wands
 s - a wand of iceblast (5)
 E - a wand of acid (6)
 G - a wand of digging (4)
 H - a wand of charming (8)
 L - a wand of mindburst (4)
 V - a wand of paralysis (14)
Scrolls
 g - 6 scrolls of enchant armour {unknown}
 h - a scroll of acquirement {unknown}
 i - a scroll of silence {unknown}
 l - 2 scrolls of noise {unknown}
 o - a scroll of blinking {unknown}
 q - 5 scrolls of magic mapping {unknown}
 r - 3 scrolls of fear {unknown}
 t - a scroll of brand weapon {unknown}
 w - 5 scrolls of fog {unknown}
 y - 6 scrolls of teleportation
 N - 3 scrolls of amnesia {unknown}
 P - 3 scrolls of torment {unknown}
 R - 3 scrolls of vulnerability {unknown}
 T - a scroll of enchant weapon {unknown}
Potions
 d - a potion of lignification
 e - 2 potions of flight
 m - 2 potions of magic
 n - 2 potions of berserk rage
 u - a potion of brilliance
 x - 3 potions of cancellation
 z - 3 potions of haste
 A - 2 potions of might
 B - 5 potions of heal wounds
 C - 2 potions of resistance
 D - 7 potions of curing


   Skills:
 - Level 10.0 Fighting
 - Level 10.0 Throwing
 + Level 3.2 Armour
 + Level 6.2 Dodging
 + Level 6.0 Stealth
 - Level 9.0 Shields
 + Level 12.5 Unarmed Combat


You had 13 spell levels left.
You didn't know any spells.
Your spell library contained the following spells:

 Spells                   Type           Power      Damage    Failure   Level
 Magic Dart               Conj           0%         1d3       50%         1
 Sandblast                Erth           0%         2d4       50%         1
 Ensorcelled Hibernation  Hex/Ice        0%         N/A       65%         2
 Passwall                 Tmut/Erth      0%         N/A       65%         2
 Searing Ray              Conj           0%         3d3       65%         2
 Slow                     Hex            0%         N/A       65%         2
 Confusing Touch          Hex            0%         N/A       86%         3
 Dazzling Flash           Conj/Hex       0%         N/A       86%         3
 Gell's Gravitas          Tloc           0%         N/A       86%         3
 Lesser Beckoning         Tloc           0%         N/A       86%         3
 Spider Form              Tmut/Pois      0%         N/A       86%         3
 Swiftness                Air            0%         N/A       86%         3
 Teleport Other           Tloc           0%         N/A       86%         3
 Vampiric Draining        Necr           0%         2d6       86%         3
 Fulminant Prism          Conj/Hex       0%         3d6       99%         4
 Hailstorm                Conj/Ice       0%         3d3       99%         4
 Ice Form                 Ice/Tmut       0%         N/A       99%         4
 Iskenderun's Mystic Bla  Conj/Tloc      0%         2d3       99%         4
 Lee's Rapid Deconstruct  Erth           0%         3d5*      100%        5
 Dispersal                Tloc           0%         N/A       100%        6
 Invisibility             Hex            0%         N/A       100%        6
 Shadow Creatures         Summ           N/A        N/A       100%        6
 Simulacrum               Ice/Necr       0%         N/A       100%        6
 Starburst                Conj/Fire      0%         8x6d3     100%        6
 Disjunction              Tloc           0%         N/A       100%        8


Dungeon Overview and Level Annotations

Branches:
Dungeon (10/15)            Temple (1/1) D:4            Lair (6/6) D:9
 Shoals (0/4) Lair:4       Spider (0/4) Lair:4        Slime (0/5) Lair:6
    Orc (0/2) D:9           Sewer (visited)

Altars:
Ashenzari
Cheibriados
Dithmenos
Elyvilon
Fedhas
Gozag
Hepliaklqana
Kikubaaqudgha
Makhleb
Nemelex Xobeh
Okawaru
Qazlal
Ru
Sif Muna
Uskayaw
Vehumet
Wu Jian
Xom
Yredelemnul
Zin
The Shining One
Jiyva

Shops:
D:4 =   D:5 *   D:6 *   D:8 *[

Annotations:
D:10 Urug
Lair:5 3 runed translucent doors, Ceusitew's ghost, journeyman TrMo
Lair:6 2 runed translucent doors


Innate Abilities, Weirdness & Mutations

You are too large for most types of armour.
You have claws for hands.
Your natural rate of healing is unusually fast.
You are covered in fur. (AC +1)
You have tough skin. (AC +1)


Message History

Okay, then.
As you read the scroll of teleportation, it crumbles to dust.
You feel strangely unstable.
The black mamba bites you but does no damage. x2
The basilisk bites you! The basilisk closely misses you.
The black mamba bites you! x2; The basilisk bites you!
The basilisk hisses menacingly.
The basilisk bites you!
* * * LOW HITPOINT WARNING * * *
Your limbs are stiffening.
You mangle the basilisk!!
You kill the basilisk!
Dithmenos accepts your kill. The black mamba bites you!
* * * LOW HITPOINT WARNING * * *
The black mamba closely misses you. The black mamba bites you!
* * * LOW HITPOINT WARNING * * *
The black mamba bites you!
* * * LOW HITPOINT WARNING * * *
The basilisk bites you.
* * * LOW HITPOINT WARNING * * *
You have turned to stone.
Your surroundings seem slightly different.
The black mamba bites you but does no damage.
The black mamba bites you!
* * * LOW HITPOINT WARNING * * *
The black mamba bites you.
* * * LOW HITPOINT WARNING * * *
The black mamba bites you!
* * * LOW HITPOINT WARNING * * *
The black mamba bites you!
* * * LOW HITPOINT WARNING * * *
The basilisk bites you but does no damage.
The black mamba bites you but does no damage.
The black mamba bites you!
* * * LOW HITPOINT WARNING * * *
The black mamba bites you!
* * * LOW HITPOINT WARNING * * *
The basilisk bites you!
You die...

≈§≈.....≈§≈§#####≈§# ##......####
≈.§........≈≈≈≈#≈≈§# #........##.
........§..##≈§≈≈# ##...........
....≈≈≈§..#.#≈≈≈# #............
...≈≈≈≈≈§##..≈≈.#####....#.#.....
#≈≈≈≈≈≈≈≈§§..##.8#8###...###..<..
§≈.######≈§S......## #....#.....#
≈.## )$$##≈##..SSl8# ##..#.P...##
≈.#($..! #§#....@.## #.........#
.≈#..... #≈#.......# ###......##
#≈#......#≈≈........# ##.......
≈§#......#≈§≈≈##...... #........
≈≈##....##≈≈≈#.........##.......#
≈§§# ++# ≈≈≈. .......#####......#
≈§#≈≈ .S ≈§# ...#### #....###.#
≈##≈≈. ≈ ≈≈ ...## #####....####
## ≈.. #..###..##


You could see 2 black mambas, a basilisk and a lava snake.

Vanquished Creatures
  Snorg (Lair:4)
  10 hydras
  Harold (D:8)
  Erica (D:8)
  A two-headed ogre (D:7)
  7 death yaks
  Pikel (D:6)
  A lindwurm (Lair:6)
  2 wolf spiders (Lair:4)
  A deep elf zephyrmancer (D:7)
  A merfolk siren (Lair:4)
  An eye of devastation (Lair:6)
  28 elephants
  10 cane toads
  2 black mambas
  3 torpor snails
  13 komodo dragons
  Maggie (D:8)
  A tengu conjurer (D:9)
  2 polar bears
  2 jumping spiders (Lair:4)
  A hornet (D:9)
  16 blink frogs
  19 dream sheep
  16 yaks
  5 wyverns
  4 basilisks
  2 steam dragons
  Grum (D:7)
  Edmund (D:6)
  A floating eye (Lair:6)
  5 hell hounds
  16 water moccasins
  An ice beast (D:5)
  A sky beast (D:5)
  4 black bears
  3 orc warriors
  2 necrophages
  4 ogres
  9 wolves
  3 centaurs
  2 phantoms
  A kobold brigand (D:8)
  3 gnoll sergeants (D:7)
  25 bullfrogs
  4 scorpions
  A water moccasin zombie (D:5)
  3 water moccasin skeletons
  5 killer bees (D:9)
  4 electric eels
  2 centaur zombies (D:5)
  2 howler monkeys
  4 lava snakes (Lair:6)
  3 bullfrog zombies (D:5)
  11 hounds
  3 bullfrog skeletons
  4 jellies
  3 orc priests
  A gnoll shaman (D:7)
  A centaur skeleton (D:5)
  Terence (D:2)
  6 hell rats (Lair:1)
  2 iguanas
  3 scorpion zombies (D:5)
  Ijyb (D:4)
  Natasha (thrice) (D:3)
  8 orc wizards
  2 killer bee zombies
  2 hound zombies (D:5)
  2 hound skeletons
  A howler monkey zombie (D:9)
  23 gnolls
  2 howler monkey skeletons
  13 adders
  12 river rats
  A shadow imp (D:5)
  A worm (D:5)
  2 dart slugs
  24 orcs
  13 endoplasms
  A giant cockroach (D:2)
  7 goblins
  6 hobgoblins
  8 jackals
  10 quokkas
  18 ball pythons
  9 bats
  8 frilled lizards
  18 kobolds
  38 rats
531 creatures vanquished.

Vanquished Creatures (others)
  A yak (Lair:6)
  40 fungi
  49 plants
90 creatures vanquished.

Grand Total: 621 creatures vanquished

Notes
Turn   | Place    | Note
-------+----------+-------------------------------------------
     0 | D:1      | duskshroud the Troll Hunter began the quest for the Orb.
     0 | D:1      | Reached XP level 1. HP: 19/19 MP: 0/0
    96 | D:1      | Reached skill level 1 in Unarmed Combat
   109 | D:1      | Reached XP level 2. HP: 25/27 MP: 1/1
   577 | D:1      | Reached skill level 2 in Unarmed Combat
   718 | D:2      | Reached XP level 3. HP: 32/33 MP: 2/2
   825 | D:2      | Reached skill level 3 in Unarmed Combat
   825 | D:2      | Reached XP level 4. HP: 8/41 MP: 3/3
  1019 | D:2      | Noticed Terence
  1044 | D:2      | Killed Terence
  1406 | D:3      | Noticed Natasha
  1411 | D:3      | Killed Natasha
  1412 | D:3      | Reached XP level 5. HP: 48/48 MP: 4/4
  1508 | D:3      | Reached skill level 4 in Unarmed Combat
  1729 | D:3      | Noticed Natasha
  1737 | D:3      | Killed Natasha
  2118 | D:3      | Noticed Natasha
  2119 | D:3      | Killed Natasha
  2120 | D:3      | Reached XP level 6. HP: 32/55 MP: 5/5
  2192 | D:4      | Reached skill level 5 in Unarmed Combat
  2261 | D:4      | Found Siugop's Jewellery Emporium.
  2306 | D:4      | Reached skill level 5 in Throwing
  2425 | D:4      | Found a staircase to the Ecumenical Temple.
  2474 | Temple   | Entered the Ecumenical Temple
  2545 | D:4      | Noticed Ijyb
  2546 | D:4      | Killed Ijyb
  2638 | D:5      | Entered Level 5 of the Dungeon
  2646 | D:5      | Reached skill level 6 in Unarmed Combat
  2653 | D:5      | Found Lirphuni's Serpentskin Sales.
  2653 | D:5      | Noticed a water moccasin
  2657 | D:5      | Killed a water moccasin
  2658 | D:5      | Reached XP level 7. HP: 46/62 MP: 6/6
  2673 | D:5      | Bought 4 curare-tipped darts for 33 gold pieces
  2673 | D:5      | Bought 3 curare-tipped darts for 25 gold pieces
  2751 | D:5      | Reached skill level 7 in Unarmed Combat
  2773 | D:5      | Identified the +12 spear "Musachushra" {drain, +Blink rElec
                  | rF+}
  2853 | D:5      | Reached skill level 8 in Unarmed Combat
  2884 | D:5      | Reached XP level 8. HP: 70/70 MP: 7/7
  2951 | D:5      | Reached skill level 9 in Unarmed Combat
  3011 | D:5      | Found a glowing drain.
  3037 | Sewer    | Entered a sewer
  3432 | D:5      | Reached skill level 10 in Unarmed Combat
  3859 | D:6      | Noticed Edmund
  3862 | D:6      | Killed Edmund
  3863 | D:6      | Reached XP level 9. HP: 80/80 MP: 8/8
  3887 | D:6      | Noticed Pikel
  4141 | D:6      | Found a glowing golden altar of the Shining One.
  4218 | D:6      | Found a blossoming altar of Fedhas.
  4261 | D:6      | Found Duocaog's General Store.
  4270 | D:6      | Bought a scroll of teleportation for 42 gold pieces
  4413 | D:6      | Killed Pikel
  4414 | D:6      | Reached skill level 11 in Unarmed Combat
  4591 | D:7      | Noticed a two-headed ogre
  4755 | D:7      | Killed a two-headed ogre
  4756 | D:7      | Reached skill level 5 in Fighting
  4756 | D:7      | Reached XP level 10. HP: 96/96 MP: 9/9
  4833 | D:7      | Noticed Grum
  4850 | D:7      | Killed Grum
  5304 | D:7      | Noticed a deep elf zephyrmancer
  5311 | D:7      | Killed a deep elf zephyrmancer
  5312 | D:7      | Reached skill level 1 in Shields
  5704 | D:7      | Found a hide-covered altar of Uskayaw.
  5711 | D:7      | Found a sacrificial altar of Ru.
  5714 | D:7      | Found a shadowy altar of Dithmenos.
  5773 | D:7      | Became a worshipper of Dithmenos the Shadowed
  5844 | D:8      | Noticed Maggie
  5852 | D:8      | Killed Maggie
  5866 | D:8      | Found an ornate altar of the Wu Jian Council.
  5990 | D:8      | Noticed Harold
  6013 | D:8      | Killed Harold
  6084 | D:8      | Found Feaforuu's Armour Shop.
  6095 | D:8      | Noticed Erica
  6147 | D:8      | Killed Erica
  6277 | D:8      | Reached skill level 12 in Unarmed Combat
  6382 | D:8      | Found Folyek Nouge's Overcharged Wands.
  6594 | D:8      | Bought a +0 hat of see invisible for 132 gold pieces
  6693 | D:9      | Reached XP level 11. HP: 105/105 MP: 10/10
  6797 | D:9      | Found a staircase to the Orcish Mines.
  6818 | D:9      | Reached * piety under Dithmenos
  7168 | D:9      | Found a stormy altar of Qazlal.
  7177 | D:9      | Found an iron altar of Okawaru.
  7186 | D:9      | Found a burning altar of Makhleb.
  7188 | D:9      | Noticed a cacodemon
  7269 | D:9      | Found a staircase to the Lair.
  7323 | D:10     | Entered Level 10 of the Dungeon
  7323 | D:10     | Found a snail-covered altar of Cheibriados.
  7323 | D:10     | Noticed Urug
  7556 | D:9      | Found a glowing silver altar of Zin.
  7683 | Lair:1   | Entered Level 1 of the Lair of Beasts
  7707 | Lair:1   | Noticed a five-headed hydra
  7716 | Lair:1   | Killed a five-headed hydra
  7717 | Lair:1   | Reached skill level 5 in Shields
  8006 | D:4      | Bought a ring of poison resistance for 200 gold pieces
  8177 | Lair:1   | Reached ** piety under Dithmenos
  8961 | Lair:2   | Reached *** piety under Dithmenos
  8987 | Lair:2   | Reached XP level 12. HP: 119/119 MP: 11/11
  9180 | Lair:2   | Noticed a death yak
  9212 | Lair:2   | Killed a death yak
 10158 | Lair:3   | Noticed a seven-headed hydra
 10171 | Lair:3   | Killed a seven-headed hydra
 10281 | Lair:3   | Reached skill level 10 in Fighting
 10774 | Lair:4   | Noticed an eight-headed hydra
 10793 | Lair:4   | Killed an eight-headed hydra
 10794 | Lair:4   | Reached skill level 1 in Stealth
 10839 | Lair:4   | Noticed a death yak
 10839 | Lair:4   | Noticed a death yak
 10861 | Lair:4   | Noticed a death yak
 10870 | Lair:4   | Noticed a death yak
 10892 | Lair:4   | Killed a death yak
 10911 | Lair:4   | Killed a death yak
 10918 | Lair:4   | Killed a death yak
 10923 | Lair:4   | Killed a death yak
 10976 | Lair:4   | Reached **** piety under Dithmenos
 10991 | Lair:4   | Reached XP level 13. HP: 115/133 MP: 12/12
 11255 | Lair:4   | Found a staircase to the Shoals.
 11812 | Lair:4   | Found a hole to the Spider Nest.
 12383 | Lair:4   | Reached skill level 10 in Throwing
 12932 | Lair:5   | Noticed Snorg
 13154 | Lair:5   | Found a runed translucent gate.
 13154 | Lair:5   | Noticed a quicksilver ooze
 13155 | Lair:5   | Found a runed translucent gate.
 13156 | Lair:5   | Found a runed translucent gate.
 13156 | Lair:5   | Noticed Ceusitew's ghost (journeyman TrMo)
 13158 | Lair:5   | Found a viscous altar of Jiyva.
 13160 | Lair:5   | Noticed a quicksilver ooze
 13558 | Lair:5   | Reached skill level 5 in Stealth
 13815 | Lair:4   | Killed Snorg
 13815 | Lair:4   | Reached ***** piety under Dithmenos
 14364 | Lair:6   | Entered Level 6 of the Lair of Beasts
 14369 | Lair:6   | Reached skill level 5 in Dodging
 14445 | Lair:6   | Found a staircase to the Slime Pits.
 14454 | Lair:6   | Paralysed by a floating eye for 3 turns
 14738 | Lair:5   | Reached skill level 1 in Armour
 14976 | Lair:6   | Reached XP level 14. HP: 130/143 MP: 13/13
 16198 | D:8      | Bought a scarf of resistance for 384 gold pieces
 16424 | Lair:6   | Found a large runed translucent door.
 16424 | Lair:6   | Found a large runed translucent door.
 16484 | Lair:6   | HP: 4/143 [black mamba (6)]
 16484 | Lair:6   | Slain by a basilisk

Illustrated notes

Levels and vault maps discovered:
D:1:      co_arrival_random_square_maze, layout_loops_ring
D:2:      layout_basic, uniq_terence
D:3:      layout_rooms, moated_statue, minmay_fractal_squares_gapless_5,
          uniq_natasha
D:4:      layout_rooms, minmay_temple_entry_trees, serial_shops, shop, uniq_ijyb
D:5:      layout_loops_ring, serial_undead, serial_undead_a, serial_undead_e,
          serial_undead_b, serial_undead_e, serial_undead_d, serial_undead_d,
          cheibrodos_sewer_entry_drain, guppyfry_shop_venom
D:6:      layout_basic, mainiacjoe_overflow_chevrons, fedhas_altar_2,
          serial_shops, nicolae_lakefront_shop, interstate_on_off,
          hangedman_abyss_or_decor_stabs, uniq_pikel, uniq_edmund
D:7:      layout_cave_pools, minmay_overflow_temple_star_quad,
          serial_gnoll_camp, gnoll_camp_medium_02, gnoll_camp_mini_house,
          grums_kennel, gnoll_camp_mini_house, guppyfry_early_elven_hall
D:8:      layout_gridville, mainiacjoe_overflow_concentric_impassable,
          serial_shops, nicolae_inconvenience_store,
          nicolae_shop_overcharged_wands, uniq_harold, uniq_grum, uniq_erica,
          uniq_maggie
D:9:      layout_basic, mainiacjoe_overflow_alcove_1, makhleb_altar_promises_db,
          grunt_qazlal_clouds, zin_academy, grunt_lair_entry_orc_guard_hut
D:10:     layout_big_octagon, nicolae_overflow_crystal_walls,
          trog_butcher_becter, uniq_urug
Temple:   compressed_dpeg_circular_temple
Lair:1:   lemuel_ratsnest, layout_big_grid
Lair:2:   layout_chaotic_city, serial_bayou_shore_b, infiniplex_staircase_pool,
          grunt_megastairs_1, serial_bayou_shore_b
Lair:3:   layout_small_grid, serial_rivers, chequers_serial_rivers_small_a,
          chequers_serial_rivers_micro_e, chequers_serial_rivers_large_a,
          chequers_serial_rivers_micro_a, chequers_serial_rivers_room_b
Lair:4:   layout_cave_pods, minmay_shoals_entry_lonely_mermaid,
          spider_nest_entry_funnel_web, grunt_megastairs_4, serial_bayou_shore_a
Lair:5:   layout_cave_pods, gammafunk_ghost_ooze, columned_hall_lemuel,
          uniq_snorg
Lair:6:   cheibrodos_lair_end_hotspot, layout_gridlike, minmay_slime_entry_eyes

Skill      XL: |  1  2  3  4  5  6  7  8  9 10 11 12 13 14 |
---------------+-------------------------------------------+-----
Unarmed Combat | 1 2 3 4 6 8 10 11 12 | 12.5
Throwing       | 4 5 7 8 9 10 | 10.0
Fighting       | 2 5 6 7 10 | 10.0
Shields        | 3 7 9 |  9.0
Stealth        | 2 5 6 |  6.0
Dodging        | 5 6 |  6.2
Armour         | 1 3 |  3.2

Action                   |  1- 3 |  4- 6 |  7- 9 | 10-12 | 13-15 || total
-------------------------+-------+-------+-------+-------+-------++-------
Melee: Unarmed           |    74 |   169 |   262 |   683 |   521 ||  1709
       Punch             |       |     2 |     6 |     2 |       ||    10
       Spear             |       |       |       |    27 |    54 ||    81
Throw: Large rock        |     2 |    32 |    75 |    46 |    20 ||   175
       Throwing net      |       |     2 |       |     4 |       ||     6
       Dart              |       |       |       |    47 |    62 ||   109
       Boomerang         |       |       |       |     3 |     3 ||     6
  Use: Scroll            |       |       |     8 |     4 |     8 ||    20
       Potion            |       |       |       |       |     3 ||     3
 Stab: Sleeping          |     3 |     1 |       |       |     6 ||    10
       Held in net/web   |       |     1 |       |     4 |       ||     5
       Distracted        |       |       |     1 |       |     1 ||     2
Armor: Robe              |    27 |    68 |   107 |    27 |       ||   229
       Acid dragon scale |       |       |       |   219 |   250 ||   469
Dodge: Dodged            |    32 |    86 |   134 |   246 |   275 ||   773
Block: Kite shield       |       |       |       |   286 |   383 ||   669

Table legend: (Time is in decaauts)
 A = Elapsed time spent in this place.
 B = Non-inter-level travel time spent in this place.
 C = Inter-level travel time spent in this place.
 D = Time resting spent in this place.
 E = Time spent auto-exploring this place.
 F = Levels seen in this place.
 G = Mean time per level.
                   A        B        C        D        E       F      G
               +--------+--------+--------+--------+--------+-----+--------+
         Total |  16484 |  14915 |   1569 |   1293 |   7809 |  18 |  915.8 |
       Dungeon |   7999 |   6971 |   1028 |    234 |   3796 |  10 |  799.9 |
        Temple |     63 |     63 |      0 |      0 |      0 |   1 |   63.0 |
          Lair |   8039 |   7498 |    541 |   1043 |   3991 |   6 | 1339.8 |
         Sewer |    381 |    381 |      0 |     16 |     21 |   1 |  381.0 |
               +--------+--------+--------+--------+--------+-----+--------+

Top non-repeatable levels by time:
  Lair:5: 1963 daAuts
  Lair:4: 1796 daAuts
     D:7: 1322 daAuts
  Lair:2: 1277 daAuts
  Lair:6: 1244 daAuts
     D:9: 1196 daAuts
  Lair:3: 1066 daAuts
     D:8: 1015 daAuts
     D:5: 985 daAuts
     D:6: 795 daAuts
     D:2: 709 daAuts
  Lair:1: 691 daAuts
     D:1: 690 daAuts
     D:3: 634 daAuts
     D:4: 632 daAuts
